 Dungeon Crawl Stone Soup version 0.29.0-11-gd7f09526c8 (webtiles) character file.

Game seed: 12179828757870509822

111 xian the Trooper (level 4, -2/45 HPs)
             Began as a Troll Delver on Sept 6, 2022.
             Killed by divine providence
             ... invoked by an orc priest
              (15 damage)
             ... on level 5 of the Dungeon.
             The game lasted 00:03:50 (252 turns).

xian the Trooper (Troll Delver)                      Turns: 252, Time: 00:03:50

Health: -2/45      AC:  4    Str: 22    XL:     4   Next: 62%
Magic:  3/3        EV: 10    Int:  6    God:
Gold:   17         SH:  0    Dex: 11    Spells: 3/3 levels left

rFire   . . .      SeeInvis .   a - +0 mace
rCold   . . .      Faith    .   (no shield)
rNeg    . . .      Spirit   .   b - +0 robe
rPois   .          Reflect  .   (helmet restricted)
rElec   .          Harm     .   (no cloak)
rCorr   .          Rampage  .   (gloves unavailable)
Will    .....                   (boots unavailable)
Stlth   ++........              (no amulet)
HPRegen 0.95/turn               (no ring)
MPRegen 0.08/turn               (no ring)

@: no status effects
A: large, unfitting armour, claws 3, regeneration 1, shaggy fur 1, tough skin 1
a: no special abilities


You were on level 5 of the Dungeon.
You visited 1 branch of the dungeon, and saw 1 of its levels.

You collected 17 gold pieces.

Inventory:

Hand Weapons
 a - a +0 mace (weapon)
Armour
 b - a +0 robe (worn)
Wands
 g - a wand of digging (3)
Scrolls
 c - a scroll of fog
 d - a scroll of magic mapping
 h - a scroll of blinking {unknown}
Potions
 f - a potion of haste


   Skills:
 + Level 3.3 Fighting
 - Level 2.1 Maces & Flails
 + Level 1.6 Throwing
 - Level 2.1 Dodging
 - Level 3.0 Stealth


You had 3 spell levels left.
You didn't know any spells.
Your spell library was empty.

Dungeon Overview and Level Annotations

Branches:
Dungeon (5/15)
 Temple: D:4-7

Altars:


Innate Abilities, Weirdness & Mutations

You are too large for most types of armour.
You have claws for hands.
Your natural rate of healing is unusually fast.
You are covered in fur. (AC +1)
You have tough skin. (AC +1)


Message History

The orc priest calls down the wrath of Beogh upon you.
Beogh smites you! The orc barely misses you.
You hit the orc but do no damage. The orc closely misses you.
The orc barely misses you.
The orc hits you from afar with a +0 trident!
You hit the orc.
The orc is moderately wounded.
The orc priest miscasts a cantrip.
The orc closely misses you. The orc barely misses you.
You closely miss the orc.
The orc is moderately wounded.
The orc closely misses you. The orc hits you with a +0 dagger.
You hit the orc.
The orc is almost dead.
The orc priest calls upon Beogh to heal the orc.
The orc is healed somewhat.
The orc hits you from afar with a +0 trident.
The orc hits you with a +0 dagger.
The orc hits you from afar with a +0 trident.
The orc hits you but does no damage.
You hit the orc but do no damage.
The orc is lightly wounded.
The orc hits you with a +0 dagger. The orc closely misses you.
You hit the orc.
The orc is almost dead.
The orc hits you but does no damage. x2
Unknown command.
You hit the orc.
You kill the orc!
The orc barely misses you.
Unknown command.
You barely miss the orc priest. The orc priest barely misses you.
The orc hits you from afar with a +0 trident.
* * * LOW HITPOINT WARNING * * *
The orc barely misses you.
The orc priest hits you but does no damage.
You hit the orc priest but do no damage.
The orc priest mumbles some strange prayers to Beogh against you.
Beogh smites you!
You die...

###### ###########
#..... #[.....@o.#
#.#### #.#######o# #.#
#.# #.# #.#### #.#
#####o...######.####
#........'†.........
#..o###....######.####
#o# #....# #[.... oo
#....# #.....


You could see an orc priest and an orc.

Vanquished Creatures
  A scorpion (D:5)
  2 orc wizards (D:5)
  2 orcs (D:5)
5 creatures vanquished.

Notes
Turn   | Place    | Note
-------+----------+-------------------------------------------
     0 | D:5      | xian the Troll Delver began the quest for the Orb.
     0 | D:5      | Reached XP level 1. HP: 22/22 MP: 0/0
    46 | D:5      | Noticed an orc wizard
    54 | D:5      | Killed an orc wizard
    55 | D:5      | Reached XP level 2. HP: 26/29 MP: 1/1
   102 | D:5      | Noticed a scorpion
   103 | D:5      | Noticed a water moccasin
   123 | D:5      | Reached XP level 3. HP: 25/36 MP: 2/2
   182 | D:5      | Noticed a scorpion
   197 | D:5      | Killed a scorpion
   198 | D:5      | Reached skill level 1 in Throwing
   198 | D:5      | Reached XP level 4. HP: 27/45 MP: 3/3
   252 | D:5      | Killed from afar by an orc priest

Illustrated notes

Levels and vault maps discovered:
D:5:      layout_basic, nicolae_shop_self_help

Skill      XL: |  1  2  3 |
---------------+----------+-----
Maces & Flails | 2 |  2.1
Dodging        | 2 |  2.1
Stealth        | 3 |  3.0
Fighting       | 3 |  3.3
Throwing       | 1 |  1.6

Action                   |  1- 3 |  4- 6 || total
-------------------------+-------+-------++-------
Melee: Mace              |    25 |    11 ||    36
       Punch             |     1 |       ||     1
  Use: Scroll            |     1 |       ||     1
Armor: Robe              |     8 |     5 ||    13
Dodge: Dodged            |    11 |    11 ||    22
